Selects Italian Combined Arms Battlegroup
Selects Bersaglieri Squad
Construct Light Support Kompanie
Selects Bersaglieri Bolster
Construct Mechanized Kompanie
254 Reconnaissance Tractor
Selects Breda Model 30 Light Machine Guns
Marder III Tank Destroyer
Construct Panzerarmee Kommand
Selects Semovente da 75/18 Assault Gun
Selects Carro Armato M13/40 Light Tank
Walking Stuka Rocket Launcher
254 Reconnaissance Tractor